 Dungeon Crawl Stone Soup version 0.28-a0-793-g31680bbd8b (webtiles) character file.

Game seed: 18298731855025562639

77 ytrimaz the Skirmisher (level 4, -2/35 HPs)
             Began as a Demonspawn Fighter on Nov 4, 2021.
             Succumbed to Terence's poison
             ... on level 2 of the Dungeon.
             The game lasted 00:01:29 (1492 turns).

ytrimaz the Skirmisher (Demonspawn Fighter)         Turns: 1492, Time: 00:01:30

Health: -2/35      AC:  6    Str: 17    XL:     4   Next: 13%
Magic:  4/4        EV:  9    Int:  9    God:
Gold:   27         SH:  9    Dex: 13    Spells: 3/3 levels left

rFire   . . .      SeeInvis .   a - +0 war axe
rCold   . . .      Faith    .   c - +0 buckler
rNeg    . . .      Spirit   .   b - +0 scale mail
rPois   .          Reflect  +   (no helmet)
rElec   .          Harm     .   (no cloak)
rCorr   .          Rampage  .   (no gloves)
Will    .....                   (no boots)
Stlth   ..........              h - amulet of reflection
HPRegen 0.11/turn               (no ring)
MPRegen 0.09/turn               (no ring)

@: lethally poisoned (-2 -> -39), hasted, very quick
A: hooves 2
a: no special abilities


You were on level 2 of the Dungeon.
You visited 1 branch of the dungeon, and saw 2 of its levels.

You collected 27 gold pieces.

Inventory:

Hand Weapons
 a - a +0 war axe (weapon)
Armour
 b - a +0 scale mail (worn)
 c - a +0 buckler (worn)
Jewellery
 h - an amulet of reflection (around neck)
 j - a ring of protection from cold
Scrolls
 e - a scroll of identify
 f - 2 scrolls of teleportation
 i - a scroll of magic mapping {unknown}
Potions
 d - a potion of might


   Skills:
 + Level 3.2 Fighting
 * Level 3.0 Axes
 + Level 3.0 Armour
 * Level 1.0 Dodging
 + Level 3.0 Shields


You had 3 spell levels left.
You didn't know any spells.
Your spell library contained the following spells:

 Spells                   Type           Power      Damage    Failure   Level
 Magic Dart               Conj           0%         1d3       83%         1
 Call Imp                 Summ           0%         N/A       92%         2
 Mephitic Cloud           Conj/Pois/Air  0%         N/A       99%         3


Dungeon Overview and Level Annotations

Branches:
Dungeon (2/15)

Altars:

Annotations:
D:2 Terence


Innate Abilities, Weirdness & Mutations

You have hoof-like feet.


Message History

No target in view!
No target in view!
Terence the Incautious comes into view.
He is wielding a +3 short sword of venom.
Terence is nearby!
Terence is nearby!
Terence hits you with a +3 short sword of venom!
You hit Terence but do no damage.
Terence hits you with a +3 short sword of venom.
Terence barely misses you.
You slash Terence!
Terence is moderately wounded.
Terence hits you with a +3 short sword of venom.
You hit Terence. You kick Terence, but do no damage.
Terence is heavily wounded.
You block Terence's attack.
You hit Terence but do no damage. Your kick misses Terence.
Terence is heavily wounded.
You block Terence's attack. Terence hits you but does no damage.
You slash Terence!
Terence is almost dead.
You block Terence's attack.
You hit Terence but do no damage.
Terence is almost dead.
Terence hits you with a +3 short sword of venom.
You are poisoned.
You barely miss Terence. You kick Terence, but do no damage.
Terence is almost dead.
You feel very sick.
Terence hits you with a +3 short sword of venom.
You are lethally poisoned!
Terence hits you but does no damage.
You are more poisoned.
It was a potion of haste.
You feel yourself speed up.
* * * LOW HITPOINT WARNING * * *
You feel extremely sick. Terence hits you but does no damage.
You are more poisoned.
You barely miss Terence.
Terence is almost dead.
You die...

### ##+### #... ... #
#..... ... .. . #....#
#.. .. +....# #.# .# #
## #....# #.#..# #.#.
#....###.#..####.#.#.
#.......>..........'.
#...@###.#.#### #.#.
#...@# #.# #.#.
#....###.#########.#.
#....+.).........#.#.
#.....###.#######.#.##
#.....###.#######.#'##
#.....#...............
#.....#...............
#.....................


You could see Terence.

Vanquished Creatures
  3 adders (D:2)
  A dart slug (D:1)
  3 bats
  5 endoplasms
  5 goblins
  3 hobgoblins
  4 jackals (D:2)
  4 kobolds
  4 quokkas
  3 ball pythons
  3 frilled lizards
  5 rats (D:1)
43 creatures vanquished.

Notes
Turn   | Place    | Note
-------+----------+-------------------------------------------
     0 | D:1      | ytrimaz the Demonspawn Fighter began the quest for the Orb.
     0 | D:1      | Reached XP level 1. HP: 18/18 MP: 1/1
   239 | D:1      | Found a faded altar of an unknown god.
   246 | D:1      | Gained mutation: You have large cloven feet. [demonic
                  | ancestry]
   246 | D:1      | Reached XP level 2. HP: 21/24 MP: 2/2
   885 | D:2      | Reached XP level 3. HP: 29/29 MP: 3/3
  1277 | D:2      | Gained mutation: You have hoof-like feet. [demonic
                  | ancestry]
  1277 | D:2      | Reached XP level 4. HP: 33/35 MP: 4/4
  1291 | D:2      | Reached skill level 1 in Dodging
  1482 | D:2      | Noticed Terence
  1492 | D:2      | Succumbed to Terence's poison

Illustrated notes

Levels and vault maps discovered:
D:1:      wander_arrival_lonely_grave, layout_basic,
          ebering_ecumenical_altar_sacrificial
D:2:      layout_basic, serial_curves, eino_curves_02, eino_curves_03,
          minmay_split_cup_small, uniq_terence

Skill      XL: |  1  2  3  4 |
---------------+-------------+-----
Axes           | 2 3 |  3.0
Armour         | 3 |  3.0
Shields        | 3 |  3.0
Dodging        | 1 |  1.0
Fighting       | |  3.2

Action                   |  1- 3 |  4- 6 || total
-------------------------+-------+-------++-------
Melee: War axe           |    94 |    21 ||   115
       Kick              |    13 |     4 ||    17
  Use: Scroll            |     3 |       ||     3
       Potion            |       |     1 ||     1
Armor: Scale mail        |    38 |     7 ||    45
Dodge: Dodged            |    46 |     8 ||    54
Block: Buckler           |    41 |     5 ||    46

Table legend: (Time is in decaauts)
 A = Elapsed time spent in this place.
 B = Non-inter-level travel time spent in this place.
 C = Inter-level travel time spent in this place.
 D = Time resting spent in this place.
 E = Time spent auto-exploring this place.
 F = Levels seen in this place.
 G = Mean time per level.
                   A        B        C        D        E       F      G
               +--------+--------+--------+--------+--------+-----+--------+
         Total |   1537 |   1514 |     23 |      0 |   1208 |   2 |  768.5 |
       Dungeon |   1537 |   1514 |     23 |      0 |   1208 |   2 |  768.5 |
               +--------+--------+--------+--------+--------+-----+--------+

Top non-repeatable levels by time:
     D:1: 874 daAuts
     D:2: 663 daAuts
